 Dungeon Crawl Stone Soup version 0.23.2-33-g5129a83 (webtiles) character file.

Game seed: 15369563583164834907

886 letmedoit the Gusty (level 7, -1/50 HPs)
             Began as a Demigod Air Elementalist on July 5, 2019.
             Slain by a bullfrog (5 damage)
             ... in the Ecumenical Temple.
             The game lasted 00:43:41 (3484 turns).

letmedoit the Gusty (Demigod Air Elementalist)      Turns: 3484, Time: 00:43:42

Health: -1/50      AC:  4    Str: 11    XL:     7   Next: 47%
Magic:  0/16       EV: 14    Int: 23    God:
Gold:   141        SH:  0    Dex: 19    Spells: 5/14 levels left

rFire    . . .     SeeInvis .   i - +1 dagger (venom)
rCold    . . .     Gourm    .   (no shield)
rNeg     . . .     Faith    .   a - +1 robe
rPois    .         Spirit   .   (helmet restricted)
rElec    .         Reflect  .   (no cloak)
rCorr    .         Harm     .   (no gloves)
MR       .....                  g - +0 pair of boots
Stlth    +++.......             (no amulet)
HPRegen  0.56/turn              h - +3 ring of dexterity
MPRegen  0.15/turn              (no ring)

@: no status effects
A: horns 1, talons 1, high mp 1, regeneration 1, evolution 1
a: no special abilities


You were in the Ecumenical Temple.
You were not hungry.

You visited 2 branches of the dungeon, and saw 7 of its levels.
You also visited: Ossuary.

You collected 141 gold pieces.

Inventory:

Hand Weapons
 b - a +0 dagger
 d - a +0 dagger of draining
 i - a +1 dagger of venom (weapon)
 k - a +1 vampiric short sword
 l - a +0 blowgun
Missiles
 m - 39 poisoned needles (quivered)
Armour
 a - a +1 robe (worn)
 e - a +0 leather armour
 g - a +0 pair of boots (worn)
Jewellery
 h - a +3 ring of dexterity (left hand)
Wands
 q - a wand of flame (6)
Potions
 n - a potion of might {unknown}
Comestibles
 c - a ration


   Skills:
 - Level 0.2 Short Blades
 - Level 0.2 Armour
 + Level 3.3 Dodging
 + Level 3.3 Stealth
 * Level 4.0 Spellcasting
 * Level 3.9 Conjurations
 * Level 4.8 Air Magic


You had 5 spell levels left.
You knew the following spells:

 Your Spells              Type           Power        Failure   Level  Hunger
a - Shock                 Conj/Air       ###.         1%          1    None
b - Static Discharge      Conj/Air       ###.....     4%          3    ##.....
c - Lightning Bolt        Conj/Air       ###.......   43%         5    ######.

Your spell library contained the following spells:

 Spells                   Type           Power        Failure   Level  Hunger
 Swiftness                Chrm/Air       ###.....     6%          2    #......
 Airstrike                Air            ####......   14%         4    ####...


Dungeon Overview and Level Annotations

Branches:
Dungeon (6/15)             Temple (1/1) D:6

Shops:
D:4 *   D:6 *

Annotations:
D:2 Natasha


Innate Abilities, Weirdness & Mutations

You have an increased reservoir of magic. (+10% MP)
You have a pair of small horns on your head.
You have sharp toenails.
Your natural rate of healing is unusually fast.
You evolve.


Message History

You barely miss the bullfrog.
The bullfrog is moderately wounded.
The bullfrog hits you.
You closely miss the bullfrog. You headbutt the bullfrog.
The bullfrog is heavily wounded.
The bullfrog hits you!
* * * LOW HITPOINT WARNING * * *
The bullfrog completely misses you.
You hit the bullfrog.
The bullfrog looks even sicker.
The bullfrog is severely wounded.
The bullfrog hits you!
* * * LOW HITPOINT WARNING * * *
Okay, then.
Casting: Static Discharge (safe; 4% risk of failure)
Confirm with . or Enter, or press ? or * to list all spells.
Aiming: Shock (safe; 1% risk of failure)
Press: ? - help, Shift-Dir - straight line, f - bullfrog
Aim: a bullfrog (severely wounded, poisoned)
The zap misses the bullfrog.
The bullfrog hits you.
You die...

...###.....###.....##
_... ..._...#..._...#
... ..... #.......# ..
... ##.....## .# #.#
###.###
.#######.#######.#######
........................
........................
..⌠............F@.......
........................
........................
.#######.#######.#######
.# #.# ###.### .. ...
##.....## ... .....
#.......# _...
..._...#..._...# ##...
##.....##


You could see a bullfrog.

Vanquished Creatures
  An ice beast (D:5)
  A sky beast (D:6)
  2 ogres (D:4)
  A centaur (D:6)
  A howler monkey (D:6)
  A crimson imp (D:5)
  A hound (D:6)
  A jelly (D:6)
  3 orc priests (D:4)
  An orc wizard (D:4)
  Terence (D:2)
  A hound skeleton (D:4)
  3 gnolls (D:5)
  6 adders
  2 oozes
  A worm (D:3)
  2 dart slugs
  4 leopard geckos
  3 orcs
  2 giant cockroaches (D:2)
  7 goblins
  6 hobgoblins
  6 jackals (D:4)
  2 quokkas
  A ball python (D:3)
  2 bats
  4 frilled lizards
  A hobgoblin zombie (Ossuary)
  7 kobolds
  A kobold zombie (Ossuary)
  2 leopard gecko zombies (D:5)
  6 rats
  A plant (D:6)
84 creatures vanquished.

Vanquished Creatures (others)
  An adder zombie (Ossuary)
  A kobold zombie (Ossuary)
  An orc zombie (Ossuary)
  A plant (D:6)
4 creatures vanquished.

Grand Total: 88 creatures vanquished

Notes
Turn   | Place    | Note
-------+----------+-------------------------------------------
     0 | D:1      | letmedoit the Demigod Air Elementalist began the quest for
                  | the Orb.
     0 | D:1      | Reached XP level 1. HP: 14/14 MP: 5/5
   289 | D:1      | Reached skill level 1 in Conjurations
   289 | D:1      | Reached XP level 2. HP: 20/20 MP: 4/7
   407 | D:2      | Found a hazy altar of Hepliaklqana.
   524 | D:2      | Noticed Terence
   533 | D:2      | Killed Terence
   533 | D:2      | Reached XP level 3. HP: 23/26 MP: 0/8
   538 | D:2      | Noticed Natasha
   946 | D:3      | Learned a level 3 spell: Static Discharge
   987 | D:3      | Gained mutation: You have sharp toenails. [potion of
                  | mutation]
   987 | D:3      | Gained mutation: You have a pair of small horns on your
                  | head. [potion of mutation]
   987 | D:3      | Gained mutation: You evolve. [potion of mutation]
   987 | D:3      | Gained mutation: Your natural rate of healing is unusually
                  | fast. [potion of mutation]
  1213 | D:3      | Reached XP level 4. HP: 22/33 MP: 3/10
  1362 | D:4      | Reached XP level 5. HP: 3/38 MP: 3/12
  1506 | D:4      | Found an opulent altar of Gozag.
  1508 | D:4      | Found Gozag's Platinum Reserve.
  1549 | D:4      | Noticed an ogre
  1577 | D:4      | Killed an ogre
  1577 | D:4      | Reached XP level 6. HP: 45/45 MP: 8/13
  2016 | D:4      | Learned a level 5 spell: Lightning Bolt
  2154 | D:3      | You fall through a shaft!
  2438 | D:5      | Entered Level 5 of the Dungeon
  2846 | D:5      | Reached XP level 7. HP: 7/50 MP: 1/15
  2977 | D:6      | Found Usuodutav's Assorted Antiques.
  3002 | D:6      | Noticed a two-headed ogre
  3050 | D:6      | Found a sand-covered staircase.
  3071 | Ossuary  | Entered an ossuary
  3293 | D:6      | Found a staircase to the Ecumenical Temple.
  3353 | Temple   | Entered the Ecumenical Temple
  3484 | Temple   | Slain by a bullfrog

Skill      XL: |  1  2  3  4  5  6  7 |
---------------+----------------------+-----
Air Magic      | 3 4 |  4.8
Conjurations   | 1 2 3 |  3.9
Dodging        | 2 3 |  3.3
Stealth        | 2 3 |  3.3
Spellcasting   | 2 3 4 |  4.0
Short Blades   | |  0.2
Armour         | |  0.2

Action                   |  1- 3 |  4- 6 |  7- 9 || total
-------------------------+-------+-------+-------++-------
Melee: Dagger            |    47 |    92 |    71 ||   210
       Unarmed           |     4 |       |       ||     4
       Headbutt          |       |    21 |    22 ||    43
 Cast: Shock             |    55 |    44 |    24 ||   123
       Static Discharge  |     4 |     3 |    12 ||    19
  Use: Scroll            |     5 |     4 |     2 ||    11
       Potion            |     2 |     1 |     2 ||     5
 Stab: Sleeping          |     1 |     1 |       ||     2
  Eat: Ration            |     1 |     2 |     1 ||     4
       Chunk             |       |     1 |       ||     1
Armor: Robe              |     1 |       |    17 ||    18
       Leather armour    |    14 |     2 |       ||    16
       Chain mail        |       |    67 |       ||    67
Dodge: Dodged            |    34 |    43 |    46 ||   123
